 Dungeon Crawl Stone Soup version 0.29.1-1-gd02db6906a (webtiles) character file.

Game seed: 5868845753122390076

190 masschaos23 the Trooper (level 5, -3/47 HPs)
             Began as a Hill Orc Fighter on Sept 15, 2022.
             Was an Initiate of Beogh.
             Killed by divine providence
             ... invoked by an orc priest
              (12 damage)
             ... on level 4 of the Dungeon.
             The game lasted 00:03:49 (2975 turns).

masschaos23 the Trooper (Hill Orc Fighter)          Turns: 2975, Time: 00:03:49

Health: -3/47      AC:  7    Str: 21    XL:     5   Next: 69%
Magic:  0/5        EV:  9    Int:  8    God:    Beogh [......]
Gold:   142        SH:  4    Dex: 10    Spells: 4/4 levels left

rFire   . . .      SeeInvis .   a - +0 war axe
rCold   . . .      Faith    .   c - +0 buckler
rNeg    . . .      Spirit   +   b - +0 scale mail
rPois   .          Reflect  .   (no helmet)
rElec   .          Harm     .   (no cloak)
rCorr   .          Rampage  .   (no gloves)
Will    .....                   (no boots)
Stlth   ..........              s - amulet of guardian spirit
HPRegen 0.15/turn               (no ring)
MPRegen 0.09/turn               (no ring)

@: no status effects
A: no striking features
a: Renounce Religion


You were on level 4 of the Dungeon.
You worshipped Beogh.
Beogh was noncommittal.
You visited 1 branch of the dungeon, and saw 4 of its levels.

You collected 142 gold pieces.

Inventory:

Hand Weapons
 a - a +0 war axe (weapon)
 j - a +1 dagger of electrocution
Armour
 b - a +0 scale mail (worn)
 c - a +0 buckler (worn)
Jewellery
 s - an amulet of guardian spirit (around neck)
Scrolls
 e - 3 scrolls of identify {unknown}
 f - a scroll of fog {unknown}
 k - a scroll of amnesia {unknown}
 l - a scroll of fear {unknown}
 m - a scroll of poison {unknown}
 n - a scroll of teleportation {unknown}
 o - a scroll of summoning {unknown}
 p - a scroll of noise {unknown}
 t - a scroll of torment {unknown}
Potions
 d - 2 potions of might
 g - 4 potions of curing {unknown}
 h - 3 potions of mutation {unknown}
 i - 2 potions of heal wounds {unknown}
 q - a potion of degeneration {unknown}
 r - a potion of attraction {unknown}


   Skills:
 + Level 4.8 Fighting
 + Level 4.8 Axes
 + Level 4.5 Armour
 + Level 0.6 Dodging
 + Level 3.7 Shields


You had 4 spell levels left.
You didn't know any spells.
Your spell library contained the following spells:

 Spells                   Type           Power      Damage    Failure   Level
 Shock                    Conj/Air       0%         1d3       83%         1
 Swiftness                Air            0%         N/A       99%         3
 Airstrike                Air            0%         2d(0-16)  100%        4


Dungeon Overview and Level Annotations

Branches:
Dungeon (4/15)
 Temple: D:4-7

Altars:


Message History

You block the orc priest's attack. The orc wizard barely misses you.
You closely miss the orc priest.
The orc priest is severely wounded.
You hit the orc priest. You hit the orc wizard.
You kill the orc wizard!
Beogh accepts your kill. The orc priest barely misses you.
The orc priest calls upon Beogh to heal the orc priest.
The orc priest's wounds heal themselves!
The orc priest hits you but does no damage. x2
You closely miss the orc priest.
The orc priest is severely wounded.
You barely miss the orc priest.
The orc priest hits you with a +0 flail.
The orc priest barely misses you.
Unknown command.
You barely miss the orc priest.
The orc priest is severely wounded.
You barely miss the orc priest. You block the orc priest's attack.
The orc priest barely misses you.
Unknown command.
You barely miss the orc priest.
The orc priest is severely wounded.
You hit the orc priest.
The orc priest looks satisfied for a moment.
The orc priest calls upon Beogh to heal the orc priest.
The orc priest's wounds heal themselves!
Unknown command.
You barely miss the orc priest.
The orc priest is severely wounded.
You barely miss the orc priest.
The orc priest mumbles some strange prayers to Beogh against you.
Beogh smites you!
* * * LOW HITPOINT WARNING * * *
The orc priest invokes the aid of Beogh against you.
You barely resist.
The orc priest mumbles some strange prayers to Beogh against you.
Beogh smites you!
You die...
Beogh appreciates the orc priest's killing of a heretic priest.

##############
.............
..........##
.......o)..#
.......o@..#.#
###.######.#.#
# #.#.# #.#.#
#.#.# #.#.#
#.#.#
#.#.#######
#..........


You could see 2 orc priests.

Vanquished Creatures
  A scorpion (D:4)
  An orc wizard (D:4)
  3 adders (D:3)
  2 worms (D:3)
  3 dart slugs
  2 orcs (D:4)
  4 bats
  6 endoplasms
  3 giant cockroaches
  7 goblins
  6 hobgoblins
  6 jackals (D:1)
  2 kobolds
  6 quokkas
  4 ball pythons
  3 frilled lizards
  3 rats
62 creatures vanquished.

Notes
Turn   | Place    | Note
-------+----------+-------------------------------------------
     0 | D:1      | masschaos23 the Hill Orc Fighter began the quest for the
                  | Orb.
     0 | D:1      | Reached XP level 1. HP: 19/19 MP: 1/1
   143 | D:1      | Reached XP level 2. HP: 27/27 MP: 2/2
   303 | D:1      | Reached XP level 3. HP: 33/33 MP: 3/3
   829 | D:1      | Found a faded altar of an unknown god.
  1056 | D:1      | You fall into a shaft and drop 1 floor!
  1994 | D:3      | Reached XP level 4. HP: 39/41 MP: 4/4
  2604 | D:3      | Became a worshipper of Beogh the Brigand
  2934 | D:4      | Noticed a scorpion
  2939 | D:4      | Killed a scorpion
  2940 | D:4      | Reached XP level 5. HP: 44/47 MP: 5/5
  2975 | D:4      | Killed from afar by an orc priest

Illustrated notes

Levels and vault maps discovered:
D:1:      eino_arrival_water_star, layout_loops_cross,
          shapermc_ecumenical_altar_mp_vishouse, minmay_ruptured
D:2:      layout_rooms, kennysheep_big_empty_room
D:3:      layout_rooms, kennysheep_generic_room_14
D:4:      layout_basic, portal_sewer_entry_a, sigmund_edmund_badplayer

Skill      XL: |  1  2  3  4 |
---------------+-------------+-----
Fighting       | 4 |  4.8
Axes           | 3 4 |  4.8
Armour         | 4 |  4.5
Dodging        | |  0.6
Shields        | |  3.7

Action                   |  1- 3 |  4- 6 || total
-------------------------+-------+-------++-------
Melee: War axe           |   112 |    74 ||   186
Invok: Convert to Beogh  |       |     1 ||     1
Armor: Scale mail        |    56 |    37 ||    93
Dodge: Dodged            |    51 |    35 ||    86
Block: Buckler           |    20 |    17 ||    37
